Map: Rooftop Terrace

Players

Infamous

  • Race: Protoss Protoss
  • League: Bronze
  • Spawn Location: 1:00

DawgDiesel

  • Race: Zerg Zerg
  • Spawn Location: 12:00

david

  • Race: Terran Terran
  • Spawn Location: 11:00

Sebasxdxd

  • Race: Zerg Zerg
  • Spawn Location: 12:00

vincenzo

  • Race: Zerg Zerg
  • League: Silver
  • Spawn Location: 6:00

Leolightone

  • Race: Protoss Protoss
  • Spawn Location: 6:00

Jsquared

  • Race: Zerg Zerg
  • Spawn Location: 7:00

olderone

  • Race: Protoss Protoss
  • Spawn Location: 5:00

VOD

Have the link to the VOD?

Description

Time

  • Played on: March 8, 2018, 3:53 p.m.
  • Length: 20:16
Show
View Real Time Build Order
Export as new Build Order

Infamous Protoss 

Build Orders:  

Get SALT Encoding   

  12  0:01  Probe (Chrono Boost)  
  13  0:13  Probe (Chrono Boost)  
  14  0:22  Probe (Chrono Boost), Pylon  
  15  0:40  Probe  
  16  0:46  Assimilator  
  16  0:53  Gateway  
  16  1:06  Pylon  
  16  1:18  Probe (Chrono Boost)  
  16  1:19  Assimilator  
  17  1:28  Probe (Chrono Boost)  
  18  1:42  Pylon  
  18  1:45  Nexus  
  18  1:47  Probe  
  19  1:57  Cybernetics Core  
  19  2:04  Probe (Chrono Boost)  
  20  2:14  Probe (Chrono Boost)  
  21  2:27  Forge  
  21  2:33  Warp Gate  
  21  2:39  Pylon  
  21  2:47  Probe  
  21  2:49  Zealot  
  24  3:00  Pylon  
  24  3:10  Probe (Chrono Boost)  
  24  3:12  Pylon  
  25  3:15  Assimilator  
  25  3:17  Protoss Ground Weapons Level 1  
  25  3:25  Probe (Chrono Boost)  
  27  3:42  Probe (Chrono Boost)  
  27  3:44  Probe (Chrono Boost)  
  28  3:54  Probe (Chrono Boost)  
  29  3:59  Probe (Chrono Boost)  
  29  4:02  Probe (Chrono Boost)  
  31  4:07  Twilight Council  
  31  4:17  Gateway  
  31  4:18  Gateway  
  31  4:20  Pylon  
  31  4:24  Probe  
  32  4:30  Probe (Chrono Boost)  
  33  4:42  Probe (Chrono Boost)  
  34  4:48  Probe (Chrono Boost)  
  34  4:52  Probe  
  36  4:57  Assimilator  
  36  5:07  Probe x2 (Chrono Boost)  
  38  5:17  Probe (Chrono Boost)  
  38  5:20  Gateway  
  39  5:22  Gateway  
  39  5:25  Photon Cannon  
  39  5:30  Shield Battery  
  39  5:31  Probe  
  40  5:39  Probe  
  41  5:43  Probe  
  42  5:51  Pylon  
  42  5:55  Probe  
  43  5:57  Pylon  
  43  6:07  Probe (Chrono Boost)  
  44  6:18  Protoss Ground Armor Level 1 (Chrono Boost)  
  45  6:19  Probe (Chrono Boost)  
  45  6:27  Protoss Air Weapons Level 1  
  45  6:32  Stargate  
  45  6:34  Probe  
  46  6:46  Gateway  
  46  6:47  Pylon  
  46  6:48  Gateway  
  46  6:52  Pylon, Robotics Facility  
  46  6:59  Dark Shrine  
  46  7:01  Probe  
  47  7:17  Shield Battery  
  47  7:25  Probe  
  48  7:45  Gateway  
  48  7:47  Warp Prism  
  50  7:53  Gateway  
  50  8:01  Photon Cannon  
  50  8:04  Probe, Photon Cannon  
  51  8:07  Photon Cannon  
  51  8:12  Shadow Stride  
  51  8:24  Warp Prism (Chrono Boost)  
  51  8:25  Pylon  
  53  8:35  Pylon  
  53  8:39  Robotics Bay  
  51  9:07  Warp Prism (Chrono Boost)  
  53  9:28  Dark Templar x3  
  53  9:29  Dark Templar x5  
  53  9:30  Dark Templar  
  71  9:44  Warp Prism (Chrono Boost)  
  73  10:09  Protoss Ground Armor Level 2 (Chrono Boost)  
  73  10:13  Nexus  
  73  10:14  Pylon  
  73  10:15  Pylon  
  73  10:27  Forge  
  55  11:14  Stalker x3  
  55  11:15  Stalker x6  
  73  11:20  Colossus  
  79  11:39  Probe (Chrono Boost)  
  80  11:46  Probe (Chrono Boost)  
  80  11:47  Probe (Chrono Boost)  
  82  11:49  Assimilator  
  82  11:50  Probe (Chrono Boost)  
  82  11:52  Assimilator  
  82  11:53  Pylon  
  84  11:54  Probe (Chrono Boost)  
  84  11:58  Pylon  
  84  12:01  Gateway  
  84  12:03  Gateway  
  84  12:05  Gateway  
  84  12:08  Zealot x4  
  88  12:09  Zealot x5  
  88  12:12  Colossus (Chrono Boost)  
  108  12:28  Protoss Ground Armor Level 3 (Chrono Boost)  
  108  12:31  Probe x3, Protoss Ground Weapons Level 2 (Chrono Boost)  
  111  12:43  Probe  
  111  12:44  Sentry x4  
  114  12:45  Sentry x5  
  130  12:57  Templar Archives  
  130  13:05  Extended Thermal Lance (Chrono Boost)  
  130  13:10  Colossus (Chrono Boost)  
  136  13:26  Stalker x3  
  136  13:27  Stalker x5  
  144  13:32  Charge (Chrono Boost)  
  152  13:48  Zealot  
  154  13:49  Zealot  
  154  13:52  Zealot x4  
  154  13:53  Zealot x3  
  170  13:56  Colossus  
  176  14:40  Pylon  
  176  14:42  Pylon  
  176  14:44  Shield Battery  
  176  14:45  Probe (Chrono Boost)  
  177  14:48  Shield Battery  
  177  14:51  Photon Cannon  
  177  14:54  Photon Cannon  
  177  14:55  Probe (Chrono Boost), High Templar  
  177  14:56  Photon Cannon  
  180  15:00  High Templar x2  
  180  15:01  High Templar x6  
  196  15:13  Archon x4  
  196  16:00  Pylon  
  196  16:21  Zealot  
  198  16:42  High Templar  
Show
View Real Time Build Order
Export as new Build Order

DawgDiesel Zerg 

Build Orders: Pool First 

Get SALT Encoding   

  12  0:04  Drone  
  13  0:09  Drone  
  14  0:28  Spawning Pool  
  14  0:31  Drone  
  14  0:40  Overlord  
  14  0:59  Drone  
  14  1:00  Drone x2  
  17  1:14  Drone  
  17  1:15  Extractor, Queen  
  19  1:20  Spine Crawler  
  18  1:26  Spine Crawler  
  18  1:29  Drone  
  18  1:42  Drone  
  19  1:58  Drone  
  19  1:59  Drone  
  21  2:13  Hatchery  
  21  2:15  Overlord  
  20  2:18  Zergling x2  
  21  2:31  Zergling x2  
  21  2:34  Zergling x2  
  21  2:35  Zergling x2  
  24  2:39  Lair  
  24  2:50  Zergling x2  
  26  2:51  Zergling x2  
  26  2:55  Metabolic Boost  
  26  3:11  Drone  
  26  3:12  Drone x3  
  30  3:20  Extractor  
  30  3:27  Queen  
  29  3:28  Drone  
  32  3:36  Drone x3  
  34  4:08  Drone x2  
  36  4:11  Overlord x2  
  36  4:22  Hydralisk Den  
  35  4:26  Drone  
  36  4:33  Pneumatized Carapace  
  36  4:36  Drone x3  
  39  4:38  Drone  
  39  4:39  Drone x4  
  44  4:53  Grooved Spines  
  44  4:55  Hydralisk x2  
  48  5:00  Drone x2  
  48  5:06  Overlord  
  50  5:08  Overlord  
  50  5:16  Drone x2  
  52  5:29  Drone x2  
  52  5:34  Extractor  
  52  5:35  Extractor  
  52  5:36  Drone x6  
  52  5:42  Overlord x2  
  58  5:55  Evolution Chamber  
  58  5:57  Evolution Chamber  
  56  5:58  Evolution Chamber  
  55  6:04  Muscular Augments  
  55  6:17  Hydralisk x8  
  71  6:26  Zerg Melee Weapons Level 1  
  71  6:27  Zerg Missile Weapons Level 1  
  71  6:42  Zerg Ground Armor Level 1  
  71  6:46  Zergling x8  
  75  7:01  Queen  
  75  7:04  Hatchery  
  76  7:13  Infestation Pit  
  75  7:16  Hydralisk x4  
  75  7:20  Overlord x2  
  83  7:23  Overlord  
  83  7:36  Overseer x2  
  83  7:45  Overseer  
  83  7:47  Overseer  
  83  7:52  Overseer  
  83  7:54  Hydralisk  
  83  7:55  Hydralisk x4  
  93  8:20  Drone  
  93  8:21  Drone x2  
  93  8:26  Hatchery  
  95  8:31  Zerg Melee Weapons Level 2  
  95  8:32  Zerg Missile Weapons Level 2  
  95  8:41  Extractor  
  95  8:43  Zerg Ground Armor Level 2  
  95  8:44  Extractor  
  93  8:52  Drone x3  
  93  8:53  Drone x2  
  98  8:59  Spore Crawler x2  
  98  9:02  Spore Crawler  
  95  9:12  Drone  
  95  9:13  Drone x6  
  102  9:19  Spore Crawler  
  102  9:22  Spore Crawler  
  100  9:33  Spore Crawler  
  100  9:36  Spore Crawler  
  100  9:37  Spore Crawler  
  100  9:38  Drone x4  
  98  9:43  Spore Crawler  
  100  9:45  Spore Crawler  
  100  9:46  Spore Crawler  
  98  9:57  Drone x2  
  98  9:58  Drone x5  
  98  9:59  Drone x2  
  107  10:03  Queen  
  107  10:05  Drone  
  110  10:24  Hive  
  110  10:34  Drone  
  110  10:35  Drone x2  
  113  11:10  Overlord x2  
  113  11:32  Overseer x2  
  113  11:45  Zerg Melee Weapons Level 3, Zerg Missile Weapons Level 3  
  113  11:46  Zerg Ground Armor Level 3  
  99  12:08  Drone x6  
  105  12:18  Queen  
  105  12:21  Drone x5  
  105  12:22  Drone x2  
  114  12:25  Spore Crawler x2  
  114  12:26  Spore Crawler  
  114  12:28  Spore Crawler x2  
  114  12:29  Spore Crawler  
  108  12:54  Queen  
  110  13:07  Spore Crawler  
  110  13:08  Spore Crawler  
  110  13:10  Drone x3, Spore Crawler  
  110  13:11  Spore Crawler  
  109  13:20  Hydralisk  
  109  13:21  Hydralisk x4  
  109  13:24  Overlord x4  
  109  13:25  Overlord x2  
  119  13:41  Spore Crawler x2  
  119  13:44  Overlord  
  119  13:45  Drone x4  
  121  13:57  Hydralisk  
  121  13:58  Hydralisk x16  
  155  14:10  Adrenal Glands  
  66  16:03  Hydralisk x3  
  66  16:04  Hydralisk x18  
  106  16:32  Spore Crawler x2  
  104  16:44  Hydralisk x8  
  120  17:23  Hatchery  
  61  18:12  Hydralisk x7  
  63  18:13  Hydralisk x14  
  103  19:01  Roach Warren  
  102  19:04  Hydralisk  
  102  19:05  Hydralisk x10  
  124  19:27  Spore Crawler  
  124  19:28  Spore Crawler  
  122  19:48  Drone x3  
Show
View Real Time Build Order
Export as new Build Order

david Terran 

Build Orders:  

Get SALT Encoding   

  12  0:13  Supply Depot  
  12  0:14  SCV  
  13  0:27  SCV  
  14  0:39  Barracks, SCV  
  15  0:51  SCV  
  15  0:54  Refinery  
  16  1:01  Refinery  
  16  1:03  SCV  
  17  1:15  SCV  
  18  1:27  SCV  
  18  1:28  Supply Depot  
  19  1:39  SCV  
  20  1:42  Barracks Reactor  
  20  1:51  SCV  
  21  1:55  Engineering Bay  
  21  2:03  SCV  
  22  2:15  SCV  
  22  2:19  Marine x2  
  25  2:24  Supply Depot  
  25  2:28  SCV, Hi-Sec Auto Tracking  
  26  2:37  Marine x2  
  26  2:40  SCV  
  29  2:48  Supply Depot  
  29  3:19  Marine x2  
  31  3:20  Factory  
  31  3:26  Command Center  
  31  3:31  Missile Turret  
  31  3:50  Marine x2, Missile Turret  
  32  4:07  Factory Tech Lab  
  32  4:15  Marine  
  32  4:16  Marine  
  34  4:23  Missile Turret  
  34  4:25  SCV  
  34  4:29  Siege Tank  
  38  4:33  Marine  
  38  4:34  Marine  
  40  4:41  Missile Turret  
  40  5:01  Missile Turret, Siege Tank  
  43  5:16  Marine  
  43  5:17  Marine  
  43  5:20  Missile Turret  
  45  5:31  Terran Infantry Weapons Level 1  
  45  5:40  Armory  
  45  5:45  Supply Depot  
  45  5:46  SCV  
  46  5:58  SCV  
  47  6:07  Supply Depot  
  47  6:10  SCV  
  48  6:22  SCV  
  49  6:28  Starport  
  49  6:31  Barracks  
  49  6:34  SCV  
  49  6:38  Terran Vehicle Weapons Level 1  
  50  6:46  SCV  
  51  6:50  Refinery  
  51  6:53  Refinery  
  51  6:58  Missile Turret, SCV  
  52  7:05  Marine  
  52  7:06  Marine  
  54  7:10  SCV  
  54  7:12  Starport, Starport Tech Lab  
  55  7:20  Missile Turret  
  55  7:21  Supply Depot  
  55  7:23  SCV  
  55  7:24  Fusion Core  
  55  7:25  Terran Infantry Armor Level 1  
  55  7:29  Barracks Tech Lab  
  56  7:44  Missile Turret  
  56  7:45  Supply Depot  
  56  7:48  SCV  
  57  8:00  SCV  
  57  8:03  Missile Turret  
  58  8:08  Supply Depot  
  58  8:10  Starport  
  58  8:12  SCV, Starport Tech Lab  
  59  8:15  Weapon Refit  
  59  8:24  SCV  
  60  8:31  Supply Depot  
  60  8:32  Terran Vehicle And Ship Armor Level 1  
  60  8:36  SCV  
  61  8:44  Missile Turret  
  61  8:48  SCV  
  62  9:00  SCV, Starport Tech Lab  
  63  9:05  Missile Turret  
  63  9:06  Starport  
  63  9:11  Combat Shields  
  63  9:13  SCV  
  64  9:19  Terran Infantry Weapons Level 2  
  64  9:23  Supply Depot  
  64  9:29  Orbital Command  
  64  9:41  Missile Turret  
  64  9:46  Supply Depot  
  64  9:58  Marine  
  65  10:02  Missile Turret  
  65  10:03  Starport Tech Lab  
  65  10:08  Starport  
  65  10:10  Supply Depot  
  65  10:16  Marine  
  66  10:23  Missile Turret  
  66  10:27  Terran Ship Weapons Level 1  
  66  10:30  Stimpack  
  66  10:37  Battlecruiser  
  72  10:44  Missile Turret  
  72  11:20  Supply Depot  
  72  11:26  Starport Tech Lab  
  72  11:30  Starport  
  72  11:31  Battlecruiser  
  78  11:34  Battlecruiser  
  78  11:39  Terran Infantry Armor Level 2  
  84  11:46  Supply Depot  
  84  12:20  Marine x2, Terran Vehicle Weapons Level 2  
  73  12:31  Concussive Shells  
  73  12:38  Marine x2  
  75  12:56  Marine x2  
  77  12:59  Missile Turret  
  77  13:07  Supply Depot  
  77  13:12  Battlecruiser  
  83  13:13  Battlecruiser  
  83  13:17  Starport Tech Lab  
  83  13:18  Missile Turret  
  89  13:25  Supply Depot  
  89  13:30  Supply Depot, Battlecruiser  
  95  13:39  Missile Turret  
  95  13:48  Supply Depot  
  95  13:54  Supply Depot  
  95  14:09  Battlecruiser  
  101  14:12  Supply Depot  
  101  14:16  Supply Depot  
  101  14:21  Siege Tank  
  104  14:36  Terran Vehicle And Ship Armor Level 2  
  104  14:41  Missile Turret  
  104  14:54  Supply Depot  
  104  15:00  Missile Turret  
  68  16:04  Battlecruiser  
  68  16:06  Battlecruiser  
  74  16:35  Missile Turret  
  74  16:52  Terran Ship Weapons Level 2  
  74  16:53  Missile Turret  
  74  17:03  Orbital Command  
  74  17:11  Battlecruiser  
  80  17:34  Refinery  
  80  17:39  Refinery  
  80  17:46  Missile Turret  
  80  17:56  Missile Turret  
  80  18:04  Missile Turret  
  80  18:05  Missile Turret  
  80  18:11  Battlecruiser  
  86  18:15  Missile Turret  
  86  18:20  Battlecruiser  
  86  18:24  Missile Turret  
  92  18:35  Missile Turret  
  92  18:38  Missile Turret  
  92  18:44  Missile Turret  
  92  18:57  Missile Turret  
  98  20:00  Missile Turret  
Show
View Real Time Build Order
Export as new Build Order

Sebasxdxd Zerg 

Build Orders: Pool First 

Get SALT Encoding   

  12  0:03  Drone  
  13  0:10  Drone  
  14  0:18  Overlord  
  14  0:37  Drone x2  
  14  0:40  Drone  
  17  0:54  Drone  
  18  1:03  Spawning Pool  
  17  1:24  Drone x3, Hatchery  
  19  1:45  Drone  
  20  1:51  Extractor  
  19  2:08  Drone  
  19  2:09  Drone x2  
  19  2:11  Evolution Chamber  
  21  2:27  Extractor  
  20  2:30  Queen  
  22  2:38  Drone  
  22  2:39  Queen  
  25  2:49  Drone  
  26  3:10  Drone  
  26  3:12  Drone  
  28  3:24  Lair  
  28  3:38  Overlord  
  28  3:42  Overlord  
  28  3:43  Overlord x2  
  28  4:10  Zergling x4  
  31  4:24  Drone x3  
  33  4:33  Drone  
  34  4:44  Evolution Chamber, Zerg Ground Armor Level 1  
  33  4:52  Drone x3  
  36  4:53  Drone x3  
  39  5:01  Extractor  
  39  5:06  Drone  
  39  5:08  Extractor  
  38  5:30  Drone x2  
  38  5:31  Drone x2  
  42  5:55  Spire  
  41  6:02  Spire  
  40  6:30  Infestation Pit  
  39  6:49  Spore Crawler  
  39  6:52  Spore Crawler  
  37  6:58  Spine Crawler  
  36  7:04  Overlord x2  
  36  7:05  Overlord  
  36  7:11  Zerg Flyer Armor Level 1  
  36  7:15  Zerg Flyer Weapons Level 1  
  36  7:28  Neural Parasite  
  36  7:31  Infestor  
  36  7:32  Infestor x2  
  42  8:02  Hydralisk Den  
  41  8:18  Hive  
  41  8:22  Burrow  
  41  8:34  Zerg Ground Armor Level 2  
  41  8:36  Zerg Missile Weapons Level 1  
  41  8:47  Pathogen Glands  
  41  8:56  Hydralisk x3  
  41  8:57  Hydralisk x6  
  41  8:58  Hydralisk x3  
  65  9:20  Spine Crawler  
  64  9:32  Queen, Grooved Spines  
  66  9:43  Zerg Flyer Armor Level 2  
  66  10:21  Greater Spire  
  66  10:26  Corruptor x2  
  66  10:27  Corruptor  
  72  10:43  Muscular Augments  
  72  10:47  Zerg Missile Weapons Level 2  
  72  11:01  Zerg Ground Armor Level 3  
  72  11:08  Spore Crawler  
  71  11:18  Overseer  
  71  11:21  Overseer  
  71  12:00  Corruptor x5  
  81  13:29  Zerg Missile Weapons Level 3  
  81  13:44  Hydralisk  
  81  13:46  Overlord  
  81  13:47  Overlord x4  
  83  14:19  Corruptor x4  
  93  14:38  Brood Lord x2  
  93  14:39  Brood Lord x2  
  99  14:51  Corruptor x4  
  99  14:52  Corruptor  
  109  14:53  Corruptor  
  111  16:26  Spore Crawler  
  111  16:27  Spore Crawler  
  111  16:30  Spore Crawler  
  108  17:00  Spore Crawler  
  107  17:05  Hydralisk x5  
  107  17:06  Hydralisk x3  
  123  17:10  Overlord x3  
  123  17:11  Overlord x2  
  123  17:33  Corruptor x2  
  123  17:34  Corruptor  
  123  17:35  Corruptor x3  
  115  18:38  Corruptor x5  
  115  18:40  Corruptor x3  
  124  19:21  Infestor x3  
Show
View Real Time Build Order
Export as new Build Order

vincenzo Zerg 

Build Orders: Pool First 

Get SALT Encoding   

  13  0:07  Drone  
  13  0:15  Drone  
  13  0:19  Extractor, Overlord  
  13  0:26  Drone  
  14  0:37  Overlord  
  14  0:47  Drone  
  15  0:55  Drone  
  16  1:02  Spawning Pool  
  15  1:09  Extractor  
  14  1:24  Drone x3  
  17  1:37  Drone  
  18  1:54  Zergling x2  
  18  1:57  Queen  
  18  2:01  Drone  
  22  2:03  Metabolic Boost  
  22  2:13  Zergling x2  
  23  2:45  Zergling x6  
  26  2:52  Roach Warren  
  24  3:25  Zergling x10  
  29  3:30  Hatchery  
  27  4:07  Roach  
  27  4:09  Overlord x4  
  29  4:19  Drone  
  30  4:40  Drone x2  
  32  4:49  Spine Crawler  
  31  4:54  Roach x3  
  37  5:10  Drone  
  38  5:18  Drone  
  39  5:22  Drone  
  39  5:23  Drone x2  
  42  5:30  Drone  
  43  5:54  Drone x3  
  46  6:00  Zergling x2  
  46  6:01  Roach x2  
  51  6:10  Roach  
  53  6:17  Lair  
  53  6:20  Drone  
  54  6:26  Queen  
  54  6:30  Roach  
  54  6:31  Roach x3  
  63  6:59  Roach x2  
  67  7:04  Overlord x3  
  67  7:10  Baneling Nest  
  67  7:12  Drone  
  67  7:19  Overlord x3  
  67  7:35  Drone  
  68  7:39  Roach x2  
  72  8:00  Spire  
  71  8:07  Drone x4  
  75  8:13  Extractor  
  75  8:17  Roach x3  
  80  8:33  Evolution Chamber  
  79  8:40  Infestation Pit  
  78  9:15  Mutalisk x4  
  78  9:16  Mutalisk x3  
  92  9:33  Mutalisk x2  
  92  9:37  Mutalisk  
  92  9:38  Mutalisk x5  
  108  10:21  Hive  
  109  10:28  Drone x3  
  102  10:43  Overseer  
  93  11:27  Drone x4  
  93  11:28  Drone x5  
  93  11:29  Spire  
  101  11:38  Ultralisk Cavern  
  96  12:38  Unknown  
  90  13:05  Ultralisk x2  
  90  13:13  Overseer x2  
  90  13:57  Queen  
  92  14:04  Burrow  
  92  14:12  Ultralisk  
  92  14:13  Hydralisk Den  
  97  14:50  Hydralisk x2  
  97  14:51  Hydralisk x5  
  71  15:41  Ultralisk x2  
  61  15:55  Hydralisk x7  
  61  16:32  Extractor  
  60  16:33  Ultralisk x2  
  72  16:46  Zerg Melee Weapons Level 1  
  78  17:15  Ultralisk  
  78  17:46  Ultralisk  
  84  18:50  Ultralisk x3  
  84  18:51  Ultralisk x3  
  84  19:05  Hydralisk x4  
  84  19:06  Hydralisk x3  
  84  19:13  Ultralisk  
Show
View Real Time Build Order
Export as new Build Order

Leolightone Protoss 

Build Orders: 1 Gate Expand, Forge Fast Expand (FFE) 

Get SALT Encoding   

  12  0:14  Pylon  
  12  0:25  Pylon  
  12  0:48  Forge  
  12  0:52  Gateway  
  12  1:19  Probe  
  13  1:33  Nexus  
  13  1:47  Assimilator  
  13  1:52  Assimilator  
  13  2:13  Probe  
  14  2:15  Pylon  
  14  2:25  Probe  
  15  2:48  Probe  
  16  3:00  Probe, Cybernetics Core  
  18  3:12  Probe  
  18  3:28  Assimilator  
  18  3:31  Probe (Chrono Boost), Assimilator  
  20  3:42  Probe (Chrono Boost)  
  20  3:47  Probe (Chrono Boost)  
  21  3:53  Photon Cannon  
  21  3:57  Probe  
  22  4:05  Stargate  
  22  4:09  Probe  
  23  4:10  Stargate  
  23  4:14  Stargate  
  23  4:19  Pylon  
  23  4:25  Pylon  
  23  4:29  Probe (Chrono Boost)  
  24  4:41  Probe (Chrono Boost)  
  25  4:46  Probe (Chrono Boost)  
  26  5:16  Fleet Beacon  
  26  5:20  Pylon  
  26  5:39  Cybernetics Core  
  26  5:44  Pylon  
  26  5:46  Probe (Chrono Boost)  
  27  5:56  Probe (Chrono Boost)  
  28  6:01  Probe (Chrono Boost), Carrier  
  35  6:13  Carrier  
  35  6:18  Probe  
  42  6:30  Probe  
  43  6:42  Probe  
  44  6:49  Carrier  
  50  6:54  Protoss Air Weapons Level 1  
  50  7:01  Protoss Air Armor Level 1  
  50  7:12  Stargate  
  50  7:18  Pylon  
  50  7:46  Nexus  
  50  8:09  Carrier  
  56  8:36  Shield Battery  
  56  8:51  Pylon  
  56  8:54  Protoss Air Weapons Level 2  
  56  8:55  Protoss Air Armor Level 2  
  56  9:05  Probe (Chrono Boost)  
  57  9:16  Probe (Chrono Boost)  
  58  9:21  Probe (Chrono Boost)  
  59  9:31  Probe  
  60  9:44  Probe  
  61  9:48  Carrier  
  61  9:50  Carrier  
  73  9:57  Carrier  
  79  10:13  Carrier  
  85  10:18  Probe (Chrono Boost)  
  87  10:30  Probe (Chrono Boost)  
  87  10:35  Probe (Chrono Boost)  
  88  10:42  Graviton Catapult  
  88  11:18  Carrier  
  88  11:20  Carrier  
  88  11:23  Carrier  
  106  11:37  Pylon  
  106  11:38  Carrier  
  112  11:46  Probe (Chrono Boost)  
  113  11:58  Probe (Chrono Boost)  
  114  12:03  Probe (Chrono Boost)  
  115  12:13  Probe  
  116  12:25  Probe  
  117  12:45  Assimilator  
  117  12:50  Assimilator  
  117  13:19  Mothership (Chrono Boost)  
  125  13:22  Pylon  
  125  13:26  Pylon  
  125  13:29  Pylon  
  125  13:31  Pylon  
  125  13:35  Pylon  
  125  13:40  Carrier  
  131  13:43  Carrier  
  131  13:47  Carrier x2  
  149  13:53  Pylon  
  149  14:09  Protoss Air Armor Level 3  
  149  14:11  Protoss Air Weapons Level 3  
  149  14:18  Protoss Shields Level 1  
  149  14:24  Probe (Chrono Boost)  
  150  14:35  Probe (Chrono Boost)  
  53  18:32  Carrier (Chrono Boost)  
  53  18:34  Carrier (Chrono Boost)  
  53  18:35  Carrier (Chrono Boost)  
  53  18:38  Carrier (Chrono Boost)  
  77  18:47  Stargate  
Show
View Real Time Build Order
Export as new Build Order

Jsquared Zerg 

Build Orders: Hatch First 

Get SALT Encoding   

  12  5:27  Drone x2  
  14  5:47  Overlord x2  
  14  6:02  Hatchery  
  13  6:05  Hatchery  
  13  6:09  Hatchery  
  13  6:11  Drone x3  
  14  6:29  Hatchery  
  13  6:35  Drone x2  
  15  6:47  Hatchery  
  15  6:51  Overlord  
  14  7:07  Drone  
  14  7:08  Drone  
  16  7:16  Drone  
  16  7:18  Drone  
  16  7:22  Drone  
  19  7:32  Overlord x2  
  19  7:35  Overlord  
  19  7:38  Extractor  
  19  7:41  Extractor  
  19  7:43  Drone  
  18  7:47  Drone  
  19  7:59  Drone  
  19  8:03  Drone x3  
  19  8:05  Overlord x2  
  23  8:06  Overlord  
  23  8:08  Drone x3  
  26  8:17  Drone x3  
  29  8:27  Drone x2  
  29  8:30  Drone x3  
  29  8:34  Drone x3  
  37  8:45  Spawning Pool  
  37  8:46  Evolution Chamber  
  35  8:51  Drone, Overlord x2  
  35  8:53  Overlord x2  
  35  8:55  Drone x3  
  39  8:57  Drone x3  
  39  9:01  Drone x2  
  44  9:05  Extractor  
  44  9:07  Extractor  
  42  9:11  Extractor x2  
  42  9:12  Drone x3  
  42  9:15  Drone  
  44  9:17  Drone x2  
  44  9:19  Overlord x2  
  44  9:21  Overlord x2  
  46  9:36  Zerg Ground Armor Level 1  
  46  9:45  Drone x3  
  49  10:02  Drone x3  
  49  10:05  Drone x3  
  55  10:18  Lair  
  55  10:36  Drone x3  
  55  10:42  Spine Crawler  
  57  10:44  Zergling x6  
  57  10:46  Zergling x6  
  63  10:53  Spore Crawler  
  63  10:55  Zergling x6  
  50  11:22  Drone x3  
  53  11:29  Spine Crawler  
  53  11:30  Zerg Missile Weapons Level 1  
  53  11:32  Spine Crawler  
  51  11:34  Drone x3  
  51  11:35  Spine Crawler  
  51  11:37  Drone  
  51  11:38  Drone x2  
  56  11:41  Drone  
  56  11:43  Drone x3  
  56  11:45  Drone x3  
  63  11:55  Spore Crawler  
  62  12:10  Infestation Pit  
  62  12:11  Lair  
  62  12:12  Lair  
  62  12:13  Lair  
  61  12:16  Lair  
  61  12:18  Lair  
  61  12:25  Spine Crawler  
  61  12:29  Spine Crawler  
  59  12:33  Spore Crawler  
  59  12:36  Spore Crawler, Drone x3  
  60  12:41  Spine Crawler  
  59  12:53  Overlord x3  
  59  12:58  Hive  
  59  13:13  Spire  
  59  13:16  Metabolic Boost  
  58  13:24  Zerg Melee Weapons Level 1  
  58  13:26  Hydralisk Den  
  57  13:48  Drone x3  
  60  13:54  Spine Crawler  
  59  13:58  Spore Crawler  
  59  14:02  Spine Crawler  
  57  14:20  Ultralisk Cavern  
  56  14:34  Drone x3  
  59  15:13  Ultralisk x6  
  59  15:14  Ultralisk x6  
  113  15:18  Zerg Ground Armor Level 2  
  131  15:26  Mutalisk  
  131  15:27  Mutalisk x2  
  137  15:32  Mutalisk x2  
  137  15:33  Mutalisk  
  143  16:07  Zergling x2  
  143  16:08  Zergling x14  
  143  16:09  Zergling x8  
  155  16:12  Adrenal Glands  
  155  16:38  Mutalisk x3  
  161  16:42  Mutalisk x3  
  161  16:45  Mutalisk x2  
  161  16:46  Mutalisk  
  173  16:57  Zerg Flyer Weapons Level 1  
  173  17:14  Zergling x4  
  175  17:16  Zergling x4  
  175  17:20  Mutalisk x3  
  183  17:33  Zerg Melee Weapons Level 2  
  183  17:35  Mutalisk x2  
  181  18:00  Mutalisk x3  
  175  18:09  Mutalisk x3  
  181  18:27  Mutalisk x3  
Show
View Real Time Build Order
Export as new Build Order

olderone Protoss 

Build Orders:  

Get SALT Encoding   

  12  0:03  Probe  
  13  0:33  Pylon  
  13  0:35  Probe  
  13  0:41  Assimilator  
  14  0:43  Assimilator  
  14  0:47  Probe  
  15  0:54  Forge  
  15  1:02  Probe  
  16  1:14  Probe  
  17  1:26  Probe  
  17  1:30  Photon Cannon  
  18  1:37  Photon Cannon  
  18  1:47  Gateway  
  18  1:52  Probe  
  19  2:04  Probe  
  20  2:17  Probe  
  21  2:29  Probe  
  22  2:34  Nexus  
  22  3:02  Pylon  
  22  3:07  Pylon  
  22  3:11  Pylon  
  22  3:15  Assimilator  
  22  3:20  Zealot  
  22  3:25  Pylon  
  24  3:31  Pylon  
  24  3:33  Probe  
  25  3:45  Probe  
  25  3:48  Zealot  
  28  3:54  Cybernetics Core  
  28  3:58  Photon Cannon  
  28  4:01  Probe  
  29  4:12  Photon Cannon  
  29  4:19  Probe  
  29  4:21  Probe  
  31  4:31  Probe  
  32  4:33  Probe  
  33  4:43  Probe  
  33  4:44  Protoss Air Weapons Level 1 (Chrono Boost)  
  33  4:45  Probe  
  35  4:51  Pylon  
  35  4:59  Stargate  
  35  5:04  Stargate  
  35  5:08  Probe  
  35  5:13  Probe  
  37  5:20  Probe  
  38  5:25  Probe, Assimilator  
  39  5:34  Photon Cannon  
  39  5:37  Probe  
  39  5:41  Photon Cannon  
  40  5:49  Probe  
  41  5:54  Protoss Shields Level 1  
  41  6:01  Probe  
  41  6:03  Photon Cannon  
  42  6:13  Probe  
  42  6:18  Pylon  
  43  6:22  Phoenix x2  
  47  6:25  Probe  
  58  6:47  Phoenix x2  
  52  7:10  Protoss Air Armor Level 1  
  52  7:17  Pylon  
  52  7:22  Pylon  
  52  7:24  Pylon  
  52  7:46  Stargate  
  52  7:48  Stargate  
  52  7:52  Stargate  
  52  7:58  Photon Cannon  
  52  8:03  Nexus  
  52  8:06  Pylon  
  52  8:10  Pylon  
  52  8:12  Pylon  
  52  8:16  Assimilator  
  52  8:21  Assimilator  
  52  8:24  Void Ray  
  52  8:25  Void Ray  
  60  8:37  Probe  
  61  8:49  Probe  
  61  8:51  Nexus  
  61  8:55  Pylon  
  62  9:00  Pylon  
  62  9:02  Probe  
  63  9:06  Void Ray  
  63  9:07  Void Ray  
  71  9:14  Probe  
  71  9:15  Fleet Beacon  
  72  9:19  Pylon  
  72  9:21  Cybernetics Core  
  72  9:26  Probe  
  72  9:27  Twilight Council  
  73  9:35  Pylon  
  73  9:37  Pylon  
  73  9:47  Probe  
  74  9:55  Probe  
  75  10:04  Photon Cannon  
  75  10:07  Probe, Photon Cannon  
  75  10:10  Photon Cannon  
  76  10:20  Probe  
  77  10:21  Graviton Catapult  
  77  10:32  Probe x2  
  79  10:41  Photon Cannon  
  79  10:44  Probe x2, Photon Cannon  
  79  10:46  Photon Cannon  
  81  10:50  Photon Cannon  
  81  10:56  Probe  
  81  10:57  Probe  
  83  11:08  Probe  
  83  11:09  Probe  
  85  11:12  Carrier  
  91  11:19  Carrier  
  91  11:20  Probe  
  91  11:21  Probe, Protoss Air Weapons Level 2 (Chrono Boost)  
  99  11:32  Probe  
  100  11:33  Probe  
  100  11:38  Photon Cannon  
  101  11:44  Probe  
  101  11:45  Probe  
  103  11:54  Carrier  
  103  11:55  Carrier  
  103  11:56  Probe  
  103  11:57  Probe  
  103  12:00  Carrier  
  123  12:09  Probe  
  123  12:12  Protoss Shields Level 2, Protoss Air Armor Level 2 (Chrono Boost)  
  124  12:21  Probe  
  125  12:33  Probe  
  126  12:38  Carrier  
  132  12:44  Carrier  
  132  12:45  Probe  
  139  12:55  Assimilator  
  139  12:57  Assimilator  
  139  12:58  Probe  
  140  13:16  Protoss Air Weapons Level 3 (Chrono Boost)  
  140  13:26  Tempest  
  146  13:27  Tempest  
  146  13:29  Tempest  
  158  14:09  Tempest  
  158  14:12  Carrier  
  158  14:13  Carrier  
  158  14:14  Carrier  
  158  14:16  Protoss Air Armor Level 3 (Chrono Boost), Carrier  
  188  15:09  Protoss Shields Level 3  
  188  15:13  Carrier  
  190  15:37  Carrier  
  184  16:15  Carrier x2  
  196  16:58  Pylon  
  196  17:02  Photon Cannon  
  196  17:05  Photon Cannon  
  196  17:06  Photon Cannon  
  196  17:08  Pylon  
  196  17:14  Pylon  
  196  17:18  Photon Cannon  
  196  17:20  Photon Cannon  
  196  17:23  Photon Cannon  
Tags
 
Add a new tag
Caveats
  • Supply blocks, unpowered buildings, or Contaminate may cause inaccurate times.
  • Supply counts are checked every 10 seconds.